 Zot Defence DCSS version 0.15.2 (webtiles) character file.

27667 hexophile the Fighter (level 11, -16/120 HPs)
             Began as a Troll Transmuter on July 26, 2015.
             Was an Elder of Makhleb.
             Splashed by a yellow draconian's acid (20 damage)
             ... summoned by a boggart
             ... in the Realm of Zot (Scenario II: Battle Heart).
             The game lasted 00:05:27 (2170 turns).

hexophile the Fighter (Troll Transmuter)            Turns: 2170, Time: 00:05:27

HP -16/120       AC -3     Str 23      XL: 11   Next: 91%
MP   7/7         EV  9     Int  9      God: Makhleb [****..]
Gold 0           SH  0     Dex 10      Spells:  1 memorised, 11 levels left

rFire  . . .     SeeInvis .       - Unarmed
rCold  . . .     Clarity  .     l - +2 robe {MR+}
rNeg   . . .     rCorr    .     (shield restricted)
rPois  .         rRot     .     (helmet restricted)
rElec  .         Spirit   .     (no cloak)
SustAb .         Warding  .     (gloves unavailable)
rMut   .         Stasis   .     (boots unavailable)
Gourm  +                        (no amulet)
MR     +....                    (no ring)
                                (no ring)

@: corroded equipment, somewhat resistant to hostile enchantments, very
unstealthy
A: unfitting armour, claws 3, fast metabolism 3, gourmand, regeneration 2,
saprovore 2, shaggy fur 1, tough skin 2
a: Make oklob sapling, Make arrow trap, Make plant, Remove Curse, Make burning
bush, Make altar, Make grenades, Make oklob plant, Make net trap, Make ice
statue, Make spear trap, Make alarm trap, Minor Destruction, Lesser Servant of
Makhleb, Major Destruction, Renounce Religion
}: 1/15 runes: obsidian


You were in the Realm of Zot.
You worshipped Makhleb.
Makhleb was greatly pleased with you.
You were not hungry.

You visited 1 branch

Inventory:

Hand weapons
 k - a +3 lajatang of speed
Missiles
 b - 43 arrows
Armour
 c - a +0 robe
 l - a +2 robe of magic resistance (worn)
Comestibles
 f - 2 meat rations
Scrolls
 j - a scroll of blinking
Potions
 a - 3 potions of curing
 e - a potion of heal wounds
 g - a potion of haste
 h - 2 potions of magic
 i - a potion of berserk rage
Books
 d - a book of Changes

   Spells                             Type                      Level
   *Beastly Appendage                 Transmutation                1
   Sticks to Snakes                   Transmutation                2
   Spider Form                        Transmutation/Poison         3
   Ice Form                           Ice/Transmutation            4
   Blade Hands                        Transmutation                5


   Skills:
 - Level 11.5 Fighting
 * Level 5.7 Staves
 - Level 1.5 Dodging
 - Level 10.0 Unarmed Combat
 - Level 1.2 Spellcasting
 - Level 5.7 Transmutations


You had 11 spell levels left.
You knew the following spells:

 Your Spells              Type           Power        Failure   Level  Hunger
a - Beastly Appendage     Trmt           ##....       3%          1    ##.....


Dungeon Overview and Level Annotations

Branches:
    Zot (1/1)

Altars:
Makhleb


Innate Abilities, Weirdness & Mutations

You are too large for most types of armour.
You have claws for hands.
Your metabolism is lightning-fast.
You like to eat raw meat.
You heal very quickly.
You can eat rotten meat.
You are covered in fur (AC +1).
You have very tough skin (AC +2).


Message History

The deep elf fighter is moderately wounded. 4 boggarts come into view.
The boggart gestures wildly while chanting.
The boggart casts a spell.
The boggart blinks!
A boggart comes into view.
Items here: %% )))
The orc priest invokes the aid of Beogh against something.
Something smites you!
The yellow draconian annihilator spits acid at you.
The splash of acid hits you!
* * * LOW HITPOINT WARNING * * *
The acid corrodes your equipment!
The acid burns!
* * * LOW HITPOINT WARNING * * *
Items here: % ( )) [[ The yellow draconian spits acid at you.
The splash of acid hits you!
* * * LOW HITPOINT WARNING * * *
The acid corrodes your equipment!
The acid burns!
You die...

.....▓▓▓ ▓▓▓. ...▓▓▓ ▓▓ .▓▓▓ ▓▓
▓######### ######
.........####### #######.....
##...........))### ###)).........
##########.....o###e)....#######
##.(...)@e#)...[..)##
#.[......%).....)...# #
#...................# #####
#........)..........# # ....##
##........._....g....## ##
.....###........gqg..........###.
..........#...§d..........##.....
.......#####.....gq......#####...
.....### ###..§dg§§..### ###.


You could see a yellow draconian, a red draconian, a yellow draconian
annihilator, a yellow draconian scorcher, a deep elf fighter (bleeding), 4
boggarts and an orc priest.

Vanquished Creatures
  Agnes (Zot)
  An orc knight (Zot)
  A yaktaur (Zot)
  A two-headed ogre (Zot)
  A wraith (Zot)
  A deep elf mage (Zot)
  2 hungry ghosts (Zot)
  Grum (Zot)
  3 wolves (Zot)
  2 black bears (Zot)
  2 crocodiles (Zot)
  A necrophage (Zot)
  4 orc warriors (Zot)
  2 ice beasts (Zot)
  5 centaurs (Zot)
  5 phantoms (Zot)
  3 ogres (Zot)
  A giant frog (Zot)
  Blork the orc (Zot)
  3 scorpions (Zot)
  5 big kobolds (Zot)
  A crimson imp (Zot)
  A goliath beetle (Zot)
  4 hounds (Zot)
  2 orc priests (Zot)
  3 worker ants (Zot)
  A giant frog skeleton (Zot)
  An orc wizard (Zot)
  A sheep (Zot)
  An ogre zombie (Zot)
  A big kobold skeleton (Zot)
  2 hound skeletons (Zot)
  11 gnolls (Zot)
  A worker ant zombie (Zot)
  6 adders (Zot)
  A goliath beetle zombie (Zot)
  A giant mite (Zot)
  A shadow imp (Zot)
  An iguana skeleton (Zot)
  4 giant geckos (Zot)
  7 oozes (Zot)
  12 orcs (Zot)
  2 ball pythons (Zot)
  9 bats (Zot)
  A bat skeleton (Zot)
  5 giant cockroaches (Zot)
  A gnoll zombie (Zot)
  18 goblins (Zot)
  11 hobgoblins (Zot)
  2 jackals (Zot)
  8 kobolds (Zot)
  3 quokkas (Zot)
  9 giant newts (Zot)
  2 hobgoblin zombies (Zot)
  An orc skeleton (Zot)
  6 orc zombies (Zot)
  12 rats (Zot)
199 creatures vanquished.

Notes
Turn   | Place    | Note
--------------------------------------------------------------
     0 | Zot      | hexophile, the Troll Transmuter, began the quest for the Orb.
     0 | Zot      | Reached XP level 1. HP: 18/18 MP: 2/2
   217 | Zot      | Reached XP level 2. HP: 26/26 MP: 2/2
   332 | Zot      | Noticed Lylekhlo
   358 | Zot      | Killed Lylekhlo the scorpion
   358 | Zot      | Reached skill level 4 in Transmutations
   358 | Zot      | Reached XP level 3. HP: 32/32 MP: 3/3
   358 | Zot      | Reached XP level 4. HP: 40/40 MP: 4/4
   358 | Zot      | Reached XP level 5. HP: 46/46 MP: 4/4
   563 | Zot      | Reached skill level 5 in Transmutations
   563 | Zot      | Reached XP level 6. HP: 54/54 MP: 5/5
   573 | Zot      | Became a worshipper of Makhleb the Destroyer
   628 | Zot      | Noticed Rycras
   648 | Zot      | Killed Rycras the two-headed ogre
   648 | Zot      | Reached skill level 6 in Unarmed Combat
   648 | Zot      | Reached XP level 7. HP: 61/61 MP: 5/5
   729 | Zot      | Acquired Makhleb's first power
   741 | Zot      | Got an obsidian rune of Zot
   825 | Zot      | Noticed Fuig
   840 | Zot      | Killed Fuig the wraith
   840 | Zot      | Reached skill level 8 in Unarmed Combat
   840 | Zot      | Reached XP level 8. HP: 64/68 MP: 6/6
   998 | Zot      | Reached skill level 9 in Unarmed Combat
  1006 | Zot      | Acquired Makhleb's second power
  1100 | Zot      | Reached XP level 9. HP: 75/75 MP: 7/7
  1113 | Zot      | Reached skill level 10 in Unarmed Combat
  1226 | Zot      | Noticed Utamot
  1273 | Zot      | Killed Utamot the yaktaur
  1280 | Zot      | Reached skill level 5 in Fighting
  1409 | Zot      | Reached XP level 10. HP: 93/100 MP: 7/7
  1433 | Zot      | Noticed Brandogh
  1452 | Zot      | Killed Brandogh the orc knight
  1505 | Zot      | Noticed Blork the orc
  1512 | Zot      | Killed Blork the orc
  1617 | Zot      | Acquired Makhleb's third power
  1719 | Zot      | Noticed Agnes
  1744 | Zot      | Reached skill level 10 in Fighting
  1794 | Zot      | Killed Agnes
  1794 | Zot      | Reached skill level 11 in Fighting
  1794 | Zot      | Reached XP level 11. HP: 115/120 MP: 7/7
  1914 | Zot      | Reached skill level 1 in Staves
  2025 | Zot      | Acquired Makhleb's fourth power
  2131 | Zot      | Noticed Grum
  2135 | Zot      | Reached skill level 5 in Staves
  2144 | Zot      | Killed Grum
  2169 | Zot      | Noticed a yellow draconian scorcher
  2169 | Zot      | Noticed a yellow draconian
  2169 | Zot      | Noticed a yellow draconian annihilator
  2170 | Zot      | HP: 4/120 [yellow draconian/splash of acid[a boggart] (12)]
  2170 | Zot      | Splashed by a yellow draconian's acid

Action                   |  1- 3 |  4- 6 |  7- 9 | 10-12 || total
-------------------------+-------+-------+-------+-------++-------
Melee: Unarmed           |    43 |   116 |   174 |   313 ||   646
       Lajatang          |       |       |       |    29 ||    29
 Abil: Make altar        |       |     1 |       |       ||     1
